 Dungeon Crawl Stone Soup version 0.29.0-4-gdea44cf6ec (webtiles) character file.

Game seed: 10836240786769203747

3209 qw the Cleaver (level 9, -1/86 HPs)
             Began as a Minotaur Berserker on Sept 8, 2022.
             Was a Believer of Trog.
             Succumbed to a hornet's poison
             ... on level 7 of the Dungeon.
             The game lasted 00:01:55 (7037 turns).

qw the Cleaver (Minotaur Berserker)                 Turns: 7037, Time: 00:01:55

Health: -1/86      AC: 14    Str: 26    XL:     9   Next: 65%
Magic:  8/8        EV:  7    Int:  4    God:    Trog [**....]
Gold:   432        SH:  7    Dex: 10    Spells: 8/8 levels left

rFire   . . .      SeeInvis .   Y - +1 broad axe (venom)
rCold   . . .      Faith    .   b - +3 warlock's mirror {reflect}
rNeg    . . .      Spirit   .   l - +0 plate armour
rPois   .          Reflect  +   g - +2 hat
rElec   .          Harm     .   (no cloak)
rCorr   .          Rampage  .   (no gloves)
Will    ++...                   (no boots)
Stlth   ..........              (no amulet)
HPRegen 1.24/turn               (no ring)
MPRegen 0.11/turn               (no ring)

@: lethally poisoned (-1 -> -7), strong-willed, on berserk cooldown,
regenerating, slowed, very slow
A: horns 2, retaliatory headbutt, robust 1, wild magic 2
a: Renounce Religion, Berserk, Trog's Hand


You were on level 7 of the Dungeon.
You worshipped Trog.
Trog was pleased with you.
You visited 1 branch of the dungeon, and saw 7 of its levels.

You collected 432 gold pieces.


Innate Abilities, Weirdness & Mutations

You have a pair of horns on your head.
You reflexively headbutt those who attack you in melee.
You are robust. (+10% HP)
Your spells are harder to cast, but more powerful.


   Skills:
 - Level 7.0 Fighting
 - Level 13.0 Axes
 - Level 4.2 Throwing
 - Level 5.1 Armour
 - Level 2.1 Dodging
 + Level 4.0 Shields


You had 8 spell levels left.
You didn't know any spells.
Your spell library was empty.

Inventory:

Hand Weapons
 e - a +0 morningstar
 Y - a +1 broad axe of venom (weapon)
Missiles
 c - 21 boomerangs
 p - 4 javelins (quivered)
Armour
 b - the +3 warlock's mirror (worn) {reflect}
   (You acquired it on level 1 of the Dungeon)

   It can block and reflect piercing ranged attacks and magical attacks against
   the wielder's willpower.
 g - a +2 hat (worn)
 l - a +0 plate armour (worn)
Wands
 i - a wand of digging (10)
Scrolls
 a - 2 scrolls of identify
 j - a scroll of poison {unknown}
 k - a scroll of magic mapping {unknown}
Potions
 d - a potion of mutation
 f - a potion of might
 o - a potion of resistance

Dungeon Overview and Level Annotations

Branches:
Dungeon (7/15)             Temple (0/1) D:5

Altars:
Ashenzari
Dithmenos
Fedhas
Yredelemnul


Message History

You throw a javelin. The javelin pierces through the hornet!
The hornet is heavily wounded.
You closely miss the hornet. You headbutt the hornet.
The hornet is heavily wounded.
The hornet closely misses you. The hornet stings you!
You suddenly lose the ability to move!
The hornet stings you!
You are poisoned.
You feel as though you will be slow longer.
You can move again.
You hit the hornet but do no damage.
The hornet is poisoned.
Your headbutt misses the hornet.
The hornet is heavily wounded.
You feel very sick. The hornet stings you.
You are more poisoned.
You shrug off the repeated paralysis!
The hornet stings you but does no damage.
You hit the hornet but do no damage.
The hornet looks as sick as possible!
Your headbutt misses the hornet.
The hornet is heavily wounded.
You feel extremely sick. The hornet stings you!
You are lethally poisoned!
You feel as though you will be slow longer.
The hornet stings you.
You are more poisoned.
You feel as though you will be slow longer.
7035 ||| READING scroll of teleportation.
As you read the scroll of teleportation, it crumbles to dust.
You feel strangely unstable.
You feel extremely sick.
You kill the hornet!
Trog accepts your kill.
Your Axes skill increases to level 13!
7036 ||| INVOKING Trog's Hand.
Your skin crawls.
You feel strong-willed.
Your surroundings suddenly seem different.
You feel extremely sick.
There is a lethal amount of poison in your body!
You die...

########[.......
.......#........
.$$....'........
.......#........
.####+##........
######.........#####
#....#.........#...+
##...#.........#...#
#...#.........+@..#
###.#.........#####
#.###.........
#...#..........
#.#...#..........
#.#..)'..........
##.#+###.........
#...............
................


There were no monsters in sight!

Vanquished Creatures
  Grinder (D:4)
  Prince Ribbit (D:5)
  A hornet (D:7)
  Sigmund (D:6)
  Eustachio (D:4)
  2 steam dragons (D:7)
  Duvessa (D:5)
  3 ice beasts
  A black bear (D:4)
  3 ogres
  3 phantoms
  2 wyvern zombies (D:6)
  4 scorpions
  A necrophage (D:5)
  Dowan (D:5)
  A crimson imp (D:5)
  A bullfrog zombie (D:6)
  2 centaur zombies (D:6)
  A hound (D:6)
  A gnoll bouda (D:4)
  An orc priest (D:6)
  A jelly (D:6)
  3 iguanas (D:6)
  3 orc wizards (D:5)
  A killer bee zombie (D:6)
  A howler monkey zombie (D:6)
  9 gnolls
  4 adders
  2 shadow imps
  2 white imps (D:5)
  3 worms
  17 orcs
  3 ball pythons (D:4)
  9 endoplasms
  2 giant cockroaches
  7 hobgoblins
  4 jackals (D:1)
  3 kobolds (D:1)
  2 quokkas (D:1)
  2 bats (D:1)
  A frilled lizard (D:1)
  4 rats
116 creatures vanquished.

Notes
Turn   | Place    | Note
-------+----------+-------------------------------------------
     0 | D:1      | qw the Minotaur Berserker began the quest for the Orb.
     0 | D:1      | Reached XP level 1. HP: 19/19 MP: 0/0
     0 | D:1      | 0 ||| qw: Version: 0.1-a-112-g44dc6cd
     0 | D:1      | 0 ||| qw: Game counter: 6771
     0 | D:1      | 0 ||| qw: Always use a shield: true
     0 | D:1      | 0 ||| qw: Do Orc after D:15 true
     0 | D:1      | 0 ||| qw: Do second Lair branch before Depths: true
     0 | D:1      | 0 ||| qw: Lair rune preference: random
     0 | D:1      | 0 ||| qw: Plans: Normal
     0 | D:1      | 0 ||| PLANNING D:1-11
   180 | D:1      | 180 ||| Stepping ~*~*~tactically~*~*~ (stealth).
   190 | D:1      | Reached skill level 4 in Axes
   240 | D:1      | 240 ||| Stepping ~*~*~tactically~*~*~ (stealth).
   346 | D:1      | Reached XP level 2. HP: 26/26 MP: 1/1
   352 | D:1      | Found a faded altar of an unknown god.
   762 | D:1      | 762 ||| INVOKING Berserk.
   766 | D:1      | Reached skill level 5 in Axes
  1100 | D:1      | Reached XP level 3. HP: 31/31 MP: 2/2
  1337 | D:1      | 1337 ||| UPGRADING to +0 leather armour.
  1347 | D:1      | 1347 ||| DROPPING +0 animal skin.
  1348 | D:1      | 1348 ||| UPGRADING to +0 ring mail.
  1358 | D:1      | 1358 ||| DROPPING +0 leather armour.
  1359 | D:1      | 1359 ||| READING 2 scrolls labelled OHEYVE SYUNEZ.
  1360 | D:1      | 1360 ||| READING 3 scrolls labelled OXULEMNULL.
  1361 | D:1      | 1361 ||| READING scroll labelled MIUSARGH ONOAH.
  1361 | D:1      | Identified a scroll of acquirement
  1361 | D:1      | 1361 ||| ACQUIRING +3 warlock's mirror {reflect}
  1361 | D:1      | Acquired the +3 warlock's mirror {reflect}
  1361 | D:1      | Found the +3 warlock's mirror {reflect}
  1363 | D:1      | 1363 ||| UPGRADING to +3 warlock's mirror {reflect}.
  1368 | D:1      | 1368 ||| DRINKING 2 fizzy inky potions.
  1368 | D:1      | Gained mutation: Your spells are a little harder to cast,
                  | but a little more powerful. [potion of mutation]
  1368 | D:1      | Gained mutation: Your spells are harder to cast, but more
                  | powerful. [potion of mutation]
  1368 | D:1      | Gained mutation: You are robust. (+10% HP) [potion of
                  | mutation]
  1388 | D:1      | 1388 ||| DRINKING 3 black potions.
  1389 | D:1      | 1389 ||| DROPPING 2 scrolls of vulnerability.
  1433 | D:2      | 1433 ||| INVOKING Berserk.
  1603 | D:2      | Reached skill level 1 in Shields
  1660 | D:2      | 1660 ||| DROPPING +0 club.
  1692 | D:2      | 1692 ||| INVOKING Berserk.
  1693 | D:2      | 1693 ||| INVOKING Berserk.
  1699 | D:2      | Reached XP level 4. HP: 42/42 MP: 3/3
  1703 | D:2      | Reached skill level 6 in Axes
  1829 | D:2      | 1829 ||| DROPPING +0 whip.
  2215 | D:2      | 2215 ||| DROPPING amulet of magic regeneration.
  2216 | D:2      | 2216 ||| READING scroll labelled VIMEC BAOCLOH.
  2217 | D:2      | 2217 ||| READING scroll labelled WYTOIS YCOTACRI.
  2218 | D:2      | 2218 ||| READING 2 scrolls labelled KOMYAL TEULO.
  2219 | D:2      | 2219 ||| READING scroll labelled MUULOH VOID.
  2224 | D:2      | 2224 ||| READING scroll labelled UDWOLE FIWOSIH.
  2225 | D:2      | 2225 ||| READING 2 scrolls of identify.
  2225 | D:2      | 2225 ||| IDENTIFYING green potion
  2226 | D:2      | 2226 ||| DROPPING scroll of blinking.
  2408 | D:3      | Found a blossoming altar of Fedhas.
  2437 | D:3      | 2437 ||| Stepping ~*~*~tactically~*~*~ (stealth).
  2524 | D:3      | 2524 ||| SWAPPING to +0 broad axe.
  2527 | D:3      | 2527 ||| DROPPING +0 hand axe.
  2895 | D:3      | 2895 ||| UPGRADING to +0 plate armour.
  2905 | D:3      | 2905 ||| DROPPING +0 ring mail.
  2906 | D:3      | 2906 ||| READING scroll labelled CIMUNN KEMIG.
  2907 | D:3      | 2907 ||| READING scroll labelled OSUUMA ROUCE.
  2908 | D:3      | 2908 ||| READING scroll labelled TUSOMI JURI.
  3046 | D:3      | 3046 ||| READING 2 scrolls of identify.
  3046 | D:3      | 3046 ||| IDENTIFYING fuming orange potion
  3047 | D:3      | 3047 ||| DROPPING potion of lignification.
  3177 | D:4      | Noticed Grinder
  3178 | D:4      | 3178 ||| Stepping ~*~*~tactically~*~*~ (hiding).
  3182 | D:4      | 3182 ||| INVOKING Berserk.
  3192 | D:4      | Killed Grinder
  3193 | D:4      | Reached XP level 5. HP: 49/49 MP: 4/4
  3193 | D:4      | Reached XP level 6. HP: 56/56 MP: 5/5
  3280 | D:4      | Found a shadowy altar of Dithmenos.
  3331 | D:4      | 3331 ||| INVOKING Berserk.
  3333 | D:4      | Reached skill level 3 in Shields
  3479 | D:4      | 3479 ||| INVOKING Berserk.
  3606 | D:4      | Noticed Eustachio
  3607 | D:4      | 3607 ||| Stepping ~*~*~tactically~*~*~ (stealth).
  3608 | D:4      | 3608 ||| Stepping ~*~*~tactically~*~*~ (stealth).
  3618 | D:4      | 3618 ||| INVOKING Berserk.
  3619 | D:4      | 3619 ||| INVOKING Berserk.
  3624 | D:4      | Killed Eustachio
  3625 | D:4      | Reached skill level 7 in Axes
  3625 | D:4      | Reached XP level 7. HP: 62/62 MP: 6/6
  3940 | D:4      | 3940 ||| Stepping ~*~*~tactically~*~*~ (stealth).
  3948 | D:4      | Reached skill level 3 in Armour
  3955 | D:4      | Found a broken altar of Ashenzari.
  4001 | D:4      | Reached ** piety under Trog
  4146 | D:4      | 4146 ||| UPGRADING to +2 hat.
  4151 | D:4      | 4151 ||| READING scroll labelled BACUD RAGHY.
  4152 | D:4      | 4152 ||| READING 2 scrolls of identify.
  4152 | D:4      | 4152 ||| IDENTIFYING sapphire potion
  4153 | D:4      | 4153 ||| DROPPING potion of brilliance.
  4172 | D:5      | Entered Level 5 of the Dungeon
  4320 | D:5      | 4320 ||| Stepping ~*~*~tactically~*~*~ (stealth).
  4322 | D:5      | 4322 ||| Stepping ~*~*~tactically~*~*~ (hiding).
  4432 | D:5      | 4432 ||| Stepping ~*~*~tactically~*~*~ (stealth).
  4438 | D:5      | Reached skill level 8 in Axes
  4453 | D:5      | 4453 ||| DRINKING 2 potions of curing.
  4453 | D:5      | 4453 ||| (to cure confusion)
  4455 | D:5      | Noticed Prince Ribbit
  4460 | D:5      | 4460 ||| INVOKING Berserk.
  4470 | D:5      | Killed Prince Ribbit
  4471 | D:5      | Reached skill level 9 in Axes
  4471 | D:5      | Reached XP level 8. HP: 73/73 MP: 7/7
  4523 | D:5      | 4523 ||| DROPPING +0 flail.
  4533 | D:5      | 4533 ||| DRINKING potion of curing.
  4533 | D:5      | 4533 ||| (to cure confusion)
  4693 | D:5      | Noticed Dowan
  4694 | D:5      | 4694 ||| Stepping ~*~*~tactically~*~*~ (hiding).
  4699 | D:5      | 4699 ||| INVOKING Berserk.
  4704 | D:5      | Noticed Duvessa
  4707 | D:5      | Killed Dowan
  4708 | D:5      | Reached skill level 10 in Axes
  4713 | D:5      | HP: 14/75 [Duvessa/+0 short sword (8)]
  4717 | D:5      | Killed Duvessa
  5175 | D:5      | Reached skill level 6 in Fighting
  5485 | D:5      | Found a staircase to the Ecumenical Temple.
  5493 | D:5      | 5493 ||| READING scroll labelled MIMAWIE PALOU.
  5494 | D:5      | 5494 ||| DRINKING 2 fuming silvery potions.
  5495 | D:5      | 5495 ||| READING 6 scrolls of identify.
  5495 | D:5      | 5495 ||| IDENTIFYING glowing grey potion
  5496 | D:5      | 5496 ||| READING 5 scrolls of identify.
  5496 | D:5      | 5496 ||| IDENTIFYING gluggy clear potion
  5497 | D:5      | 5497 ||| READING 4 scrolls of identify.
  5497 | D:5      | 5497 ||| IDENTIFYING amethyst potion
  5498 | D:5      | 5498 ||| READING 3 scrolls of identify.
  5498 | D:5      | 5498 ||| IDENTIFYING viscous dark potion
  5499 | D:5      | 5499 ||| DROPPING potion of flight.
  5500 | D:5      | 5500 ||| DROPPING potion of magic.
  5501 | D:5      | 5501 ||| DROPPING potion of attraction.
  5502 | D:5      | 5502 ||| DROPPING potion of berserk rage.
  5538 | D:6      | Noticed Sigmund
  5543 | D:6      | 5543 ||| INVOKING Berserk.
  5546 | D:6      | Killed Sigmund
  5728 | D:6      | Reached skill level 11 in Axes
  5734 | D:6      | 5734 ||| Stepping ~*~*~tactically~*~*~ (stealth).
  5740 | D:6      | Reached XP level 9. HP: 75/84 MP: 8/8
  5746 | D:6      | 5746 ||| Stepping ~*~*~tactically~*~*~ (stealth).
  5748 | D:6      | 5748 ||| Stepping ~*~*~tactically~*~*~ (stealth).
  5749 | D:6      | 5749 ||| Stepping ~*~*~tactically~*~*~ (stealth).
  5755 | D:6      | 5755 ||| Stepping ~*~*~tactically~*~*~ (stealth).
  5759 | D:6      | 5759 ||| Stepping ~*~*~tactically~*~*~ (stealth).
  5763 | D:6      | 5763 ||| Stepping ~*~*~tactically~*~*~ (stealth).
  5768 | D:6      | 5768 ||| Stepping ~*~*~tactically~*~*~ (stealth).
  5771 | D:6      | 5771 ||| Stepping ~*~*~tactically~*~*~ (stealth).
  5772 | D:6      | 5772 ||| Stepping ~*~*~tactically~*~*~ (stealth).
  5776 | D:6      | 5776 ||| Stepping ~*~*~tactically~*~*~ (stealth).
  5780 | D:6      | 5780 ||| Stepping ~*~*~tactically~*~*~ (stealth).
  5782 | D:6      | 5782 ||| Stepping ~*~*~tactically~*~*~ (stealth).
  5783 | D:6      | 5783 ||| Stepping ~*~*~tactically~*~*~ (stealth).
  5791 | D:6      | 5791 ||| Stepping ~*~*~tactically~*~*~ (stealth).
  5797 | D:6      | 5797 ||| Stepping ~*~*~tactically~*~*~ (hiding).
  5820 | D:6      | 5820 ||| Stepping ~*~*~tactically~*~*~ (stealth).
  5834 | D:6      | 5834 ||| Stepping ~*~*~tactically~*~*~ (stealth).
  5835 | D:6      | 5835 ||| Stepping ~*~*~tactically~*~*~ (stealth).
  5841 | D:6      | 5841 ||| Stepping ~*~*~tactically~*~*~ (stealth).
  5858 | D:6      | 5858 ||| Stepping ~*~*~tactically~*~*~ (stealth).
  5859 | D:6      | 5859 ||| Stepping ~*~*~tactically~*~*~ (stealth).
  5865 | D:6      | 5865 ||| INVOKING Berserk.
  5874 | D:6      | 5874 ||| Stepping ~*~*~tactically~*~*~ (stealth).
  5878 | D:6      | 5878 ||| Stepping ~*~*~tactically~*~*~ (stealth).
  5942 | D:6      | 5942 ||| Stepping ~*~*~tactically~*~*~ (stealth).
  6088 | D:6      | 6088 ||| Stepping ~*~*~tactically~*~*~ (hiding).
  6091 | D:6      | 6091 ||| INVOKING Berserk.
  6282 | D:6      | Reached skill level 12 in Axes
  6446 | D:6      | 6446 ||| Stepping ~*~*~tactically~*~*~ (stealth).
  6461 | D:6      | Found a basalt altar of Yredelemnul.
  6862 | D:7      | 6862 ||| INVOKING Berserk.
  7018 | D:7      | 7018 ||| Stepping ~*~*~tactically~*~*~ (hiding).
  7020 | D:7      | 7020 ||| INVOKING Berserk.
  7032 | D:7      | Paralysed by a hornet for 1 turns
  7034 | D:7      | HP: 18/86 [hornet (4)]
  7035 | D:7      | 7035 ||| READING scroll of teleportation.
  7035 | D:7      | HP: 8/86 [poisoned by a hornet]
  7036 | D:7      | Reached skill level 13 in Axes
  7036 | D:7      | 7036 ||| INVOKING Trog's Hand.
  7036 | D:7      | HP: 2/86 [poisoned by a hornet]
  7037 | D:7      | Succumbed to a hornet's poison

Levels and vault maps discovered:
D:1:      denvon_arrival_waterhouse, layout_basic,
          ebering_ecumenical_altar_petrified
D:2:      layout_basic
D:3:      layout_basic, mainiacjoe_overflow_catwalk
D:4:      layout_loops_ring, grunt_dithmenos_smoke,
          mainiacjoe_overflow_chevrons, chequers_mini_garden, uniq_grinder,
          uniq_eustachio
D:5:      layout_cave_pools, minmay_temple_entry_poolview,
          hangedman_decor_clover_reticule, minmay_fire_ice_demons,
          uniq_prince_ribbit1, uniq_duvessa
D:6:      layout_loops_cross, nicolae_yredelemnul_corpse_copse,
          nrook_mini_backslash, uniq_sigmund
D:7:      layout_gridville, nzn_ghost_randoct, kennysheep_another_room,
          dk_vineyard_2, nicolae_elevator_lobby_plus

Skill      XL: |  1  2  3  4  5  6  7  8  9 |
---------------+----------------------------+-----
Axes           | 4 5 6 7 9 11 13 | 13.0
Shields        | 1 3 4 |  4.0
Throwing       | 4 |  4.2
Fighting       | 4 6 7 |  7.0
Armour         | 3 4 5 |  5.1
Dodging        | |  2.1

Action                   |  1- 3 |  4- 6 |  7- 9 || total
-------------------------+-------+-------+-------++-------
Melee: Hand axe          |    72 |     7 |       ||    79
       Headbutt          |     8 |     5 |    22 ||    35
       Broad axe         |       |    40 |   141 ||   181
Throw: Boomerang         |     8 |     8 |     5 ||    21
       Javelin           |       |    20 |    45 ||    65
Invok: Berserk           |     3 |     4 |     7 ||    14
       Trog's Hand       |       |       |     1 ||     1
  Use: Scroll            |     3 |    10 |     8 ||    21
       Potion            |     2 |       |     3 ||     5
Armor: Animal skin       |     6 |       |       ||     6
       Ring mail         |     3 |       |       ||     3
       Plate armour      |       |    25 |    72 ||    97
Dodge: Dodged            |    28 |     8 |    28 ||    64
Block: Buckler           |     4 |    15 |    39 ||    58
       Reflection        |       |       |     1 ||     1

Table legend:
 A = Non-vault XP
 B = Vault XP
 C = Vault XP percentage of total XP
 D = Non-vault monster count
 E = Vault monster count
 F = Vault count percentage of total count
                 A         B        C        D         E       F
            +---------+---------+-------+---------+---------+-------
      Total |    2979 |    1606 |  35.0 |     101 |      15 |  12.9
            +---------+---------+-------+---------+---------+-------
        D:1 |      50 |       0 |   0.0 |      21 |       0 |   0.0
        D:2 |      76 |       0 |   0.0 |      12 |       0 |   0.0
        D:3 |      10 |       0 |   0.0 |       5 |       0 |   0.0
        D:4 |     492 |     478 |  49.3 |      19 |       2 |   9.5
        D:5 |     709 |     553 |  43.8 |      23 |       5 |  17.9
        D:6 |     857 |     575 |  40.2 |      16 |       8 |  33.3
        D:7 |     785 |       0 |   0.0 |       5 |       0 |   0.0
            +---------+---------+-------+---------+---------+-------
